Cogmind - Beta 14 *** ADVENTURER MODE // 2024.11.03 @ 08:51:35 Player: sussyscylla Result: Self-destructed Performance ------------- Evolutions (2) 1000 Regions Visited (3) 600 Robots Destroyed (71) 355 Value Destroyed (1757) 1757 Prototype IDs (4) 80 Alien Tech Used (0) 0 Bonus (341) 341 TOTAL SCORE: 4133 Bonus ------- High Alert Combat Kills 341 Cogmind --------- Core Integrity 450/550 Matter 189/300 Energy 124/140 System Corruption 0% Temperature Cool (52) Movement Hovering (176) Ox2 Location -8/Materials Parts ------- > --- POWER (1) -------- Light Deuterium Engine > --- PROPULSION (3) --- Hover Unit Improved Hover Unit > --- UTILITY (5) ------ Improved Heat Sink Small Storage Unit Visual Processing Unit Signal Interpreter Hardened Medium Armor Plating > --- WEAPON (2) ------- Heavy Particle Cannon High-powered Shotgun > --- INVENTORY (8) ---- Light Deuterium Engine Light Nuclear Core Weight Redist. System Utility Shielding Heavy Particle Gun Light Cannon Mini Grenade Launcher Peak State ------------ > --- POWER ------------ Light Deuterium Engine > --- PROPULSION ------- Advanced Treads Advanced Treads Advanced Treads > --- UTILITY ---------- Improved Heat Sink Small Storage Unit Visual Processing Unit Signal Interpreter Hardened Medium Armor Plating > --- WEAPON ----------- Heavy Particle Cannon High-powered Shotgun > --- INVENTORY -------- Light Nuclear Core Hover Unit Hover Unit Weight Redist. System Utility Shielding Heavy Particle Gun Light Cannon Mini Grenade Launcher [Rating: 29] Favorites ----------- Power Light Ion Engine Engine Light Ion Engine Propulsion Hover Unit Treads Light Treads Hover Unit Hover Unit Utility Small Storage Unit Device Weight Redist. System Storage Small Storage Unit Processor Signal Interpreter Protection Hardened Medium Armor Plating Weapon Small Laser Energy Gun Small Laser Energy Cannon Heavy Particle Cannon Ballistic Gun Assault Rifle Ballistic Cannon Light Cannon Launcher Mini Grenade Launcher Build | -11 -10 -9 -8 ------- Run | Yrd Mat Mat Mat Slots Evolved 4 | . . 2 2 Power . | . . . . Propulsion 1 | . . . 1 Utility 3 | . . 2 1 Weapon . | . . . . Parts Attached 45 | 6 5 12 22 Power 7 | 1 . 4 2 Engine 7 | 1 . 4 2 Core . | . . . . Reactor . | . . . . Propulsion 15 | 2 2 2 9 Treads 5 | 2 . . 3 Leg . | . . . . Wheel . | . . . . Hover 10 | . 2 2 6 Flight . | . . . . Utility 9 | 1 2 3 3 Device 3 | . . 2 1 Storage 1 | 1 . . . Processor 2 | . 1 1 . Hackware . | . . . . Protection 3 | . 1 . 2 Artifact . | . . . . Weapon 14 | 2 1 3 8 Energy Gun 4 | 1 . 1 2 Energy Cannon 4 | . . 1 3 Ballistic Gun 4 | 1 . 1 2 Ballistic Cannon 1 | . 1 . . Launcher 1 | . . . 1 Special Weapon . | . . . . Impact Weapon . | . . . . Slashing Weapon . | . . . . Piercing Weapon . | . . . . Special Melee Weapon . | . . . . Unidentified Prototypes 2 | . . . 2 Parts Lost 6 | . . 3 3 Power . | . . . . Propulsion 4 | . . 1 3 Utility 1 | . . 1 . Weapon 1 | . . 1 . Highest Loss Streak 3 | . . 3 2 To Critical Strikes . | . . . . Average Slot Usage (%) 98 | . 99 96 98 Engine 11 | . 14 11 9 Treads 9 | . 15 . 8 Hover 16 | . 12 20 17 Device 6 | . . 14 9 Storage 11 | . 14 11 9 Processor 11 | . 4 17 18 Protection 6 | . 9 . 9 Energy Gun 6 | . 14 2 . Energy Cannon 1 | . . . 5 Ballistic Gun 10 | . 12 7 9 Ballistic Cannon 4 | . 1 11 3 Peak Build Rating 29 | 6 8 14 29 Average Rating 13 | 4 7 12 22 On Entrance 7 | . 6 8 14 Naked Turns . | . . . . Heaviest Build 28 | 11 12 18 28 Greatest Support 72 | 40 40 18 72 Greatest Overweight (x) 2 | . . 1 2 Average Overweight (x) . | . . . . Largest Inventory Capacity 8 | 8 8 8 8 Average Capacity 7 | 7 8 8 8 Most Carried 8 | 4 8 8 8 Average Carried 6 | . 5 7 7 Final Capacity 8 | 8 8 8 8 Final Carried 8 | . 8 8 7 Class Distribution -------------------- 75% | Mutant 24% | Scavenger-Mutant Dominant Class ---------------- Mutant | -10/Materials Mutant | -9/Materials Scavenger-Mutant | -8/Materials Resources | -11 -10 -9 -8 ----------- Run | Yrd Mat Mat Mat Matter Collected 1254 | 168 246 344 496 Remotely . | . . . . Salvage Created 1912 | . 487 483 942 Parts 138 | . 28 44 66 Haulers Intercepted 4 | . 2 1 1 Recyclers Shooed . | . . . . Parts Field Recycled . | . . . . Retrieved Matter . | . . . . Parts Self-Destructed . | . . . . Prevented . | . . . . Kills | -11 -10 -9 -8 ------- Run | Yrd Mat Mat Mat Combat Hostiles Destroyed 54 | . 10 17 27 Guns 23 | . 10 5 8 Cannons 27 | . . 12 15 AOE 4 | . . . 4 Classes Destroyed 13 | . 5 2 6 Worker 1 | . . . 1 Builder 2 | . . . 2 Hauler 4 | . 2 1 1 Recycler 1 | . 1 . . Mechanic 2 | . . . 2 Operator 1 | . . . 1 Watcher 6 | . 3 1 2 Swarmer 24 | . 6 9 9 Grunt 18 | . 4 3 11 Brawler 1 | . . . 1 Duelist 1 | . . 1 . Sentry 9 | . . 4 5 Hunter 1 | . . . 1 Best Kill Streak 9 | . 5 8 9 Combat Bots Only 8 | . 4 8 6 Max Kills in Single Turn 3 | . 1 1 3 Gunslinging . | . . . . Exploded 2 | . . . 2 Melee . | . . . . Uniques/NPCs Destroyed . | . . . . Combat | -11 -10 -9 -8 -------- Run | Yrd Mat Mat Mat Hostile Shots Fired 248 | . 40 79 129 Missed 89 | . 10 31 48 Damage Taken 1376 | . 252 319 805 Core 227 | . 37 90 100 Absorbed by Shields . | . . . . Redirected to Shielding 5 | . 5 . . Ignored by Resistances 419 | . 82 101 236 Core Remaining (%) 87 | 100 85 77 . Volleys Fired 150 | . 38 37 75 Largest 2 | . 2 2 2 Hottest 103 | . 60 103 100 Shots Fired 249 | . 67 63 119 Gun 132 | . 67 21 44 Cannon 110 | . . 42 68 Launcher 7 | . . . 7 Special . | . . . . Kinetic 178 | . 38 57 83 Thermal 64 | . 29 6 29 Explosive 7 | . . . 7 Electromagnetic . | . . . . Robot Hit Streak 24 | . 24 17 10 Robot Miss Streak 6 | . 3 4 6 Penetration Max . | . . . . Secondary Targets 2 | . 2 . . Max Gunslinging Chain 1 | . 1 . . Shots Hit Robots 177 | . 52 40 85 Core Hits 109 | . 25 27 57 Critical Kills 1 | . . . 1 Critical Parts Destroyed 1 | . 1 . . Critical Strikes 8 | . 1 1 6 Destroy 2 | . 1 . 1 Blast 6 | . . 1 5 Melee Attacks . | . . . . Impact . | . . . . Slashing . | . . . . Piercing . | . . . . Sneak Attacks . | . . . . Combat Hostiles . | . . . . Follow-up Attacks . | . . . . Damage Inflicted 3715 | . 610 662 2443 Guns 1455 | . 610 249 596 Cannons 1429 | . . 413 1016 Explosions 831 | . . . 831 Melee . | . . . . Ramming . | . . . . Kinetic 1880 | . 315 570 995 Thermal 1004 | . 295 92 617 Explosive 831 | . . . 831 Electromagnetic . | . . . . Impact . | . . . . Slashing . | . . . . Piercing . | . . . . Highest Corruption . | . . . . Average Corruption . | . . . . Corruption Purged . | . . . . Corruption Blocked . | . . . . Overload Shots . | . . . . Overflow Damage 39 | . . . 39 Projectiles 5 | . . . 5 Explosions 34 | . . . 34 Melee . | . . . . Knockbacks 4 | . . 2 2 Impact . | . . . . Kinetic 4 | . . 2 2 Secondary . | . . . . Self-Inflicted Damage 26 | . . . 26 Shots 1 | . . . 1 Rammed . | . . . . Targets Rammed . | . . . . Kicked . | . . . . Crushed . | . . . . Highest Temperature 337 | . 93 178 337 Average Temperature 69 | . 33 76 78 Received Heat Transfer 495 | . 129 33 333 Effects 3 | . . . 3 Interference 3 | . . . 3 Siege Activations . | . . . . Robots Corrupted . | . . . . Combat Hostiles . | . . . . Parts Fried . | . . . . Impact Corruptions . | . . . . Robots Melted . | . . . . Combat Hostiles . | . . . . Parts Melted 3 | . 2 . 1 Heat Transferred 1773 | . 675 173 925 Parts Sabotaged . | . . . . Parts Stolen . | . . . . Parts Stripped . | . . . . Power Chain Reactions . | . . . . Alert | -11 -10 -9 -8 ------- Run | Yrd Mat Mat Mat Peak Influence 922 | . 271 570 922 Initial 205 | . . 25 205 Average 287 | . 102 243 610 Maximum Alert Level 3 | . 1 2 3 Low Security (%) 50 | 100 89 38 . Level 1 21 | . 10 44 21 Level 2 17 | . . 17 42 Level 3 11 | . . . 35 Level 4 . | . . . . Level 5 . | . . . . High Security . | . . . . Max Security . | . . . . Squads Dispatched 5 | . . . 5 Investigation 1 | . . . 1 Extermination . | . . . . Reinforcement 3 | . . . 3 Assault 1 | . . . 1 Garrison . | . . . . Intercept . | . . . . Searches Triggered . | . . . . Construction Impeded 1 | . . . 1 Haulers Reinforced . | . . . . Active Scanning Responses . | . . . . Cargo Convoy Interrupts . | . . . . Stealth | -11 -10 -9 -8 --------- Run | Yrd Mat Mat Mat Distress Signals 2 | . . 1 1 Communications Jammed . | . . . . Distress Signals . | . . . . Times Spotted 82 | . 13 26 43 Peak Tracking Total 7 | . 3 7 7 Tactical Retreats 3 | . . 2 1 Traps | -11 -10 -9 -8 ------- Run | Yrd Mat Mat Mat Traps Triggered 1 | . . . 1 Indirectly . | . . . . Trap Hack Attempts . | . . . . Triggered . | . . . . Disarmed . | . . . . Reprogrammed . | . . . . Reused . | . . . . Traps Extracted . | . . . . Installed . | . . . . Triggered . | . . . . Machines | -11 -10 -9 -8 ---------- Run | Yrd Mat Mat Mat Machines Disabled 1 | . . 1 . Max in Single Turn 1 | . . 1 . Machines Repaired . | . . . . Machines Dismantled . | . . . . Machines Sabotaged . | . . . . Overloaded Fab Kills . | . . . . Hacking | -11 -10 -9 -8 --------- Run | Yrd Mat Mat Mat Machines Accessed 5 | . 3 2 . Terminals 4 | . 3 1 . Fabricators . | . . . . Repair Stations . | . . . . Recycling Units . | . . . . Scanalyzers 1 | . . 1 . Garrison Access . | . . . . Total Hacks 11 | . 5 6 . Successful 9 | . 3 6 . Failed 2 | . 2 . . Catastrophic . | . . . . Database Lockouts . | . . . . Manual . | . . . . Terminals 6 | . 5 1 . Fabricators . | . . . . Repair Stations . | . . . . Recycling Units . | . . . . Scanalyzers 5 | . . 5 . Garrison Access . | . . . . Terminal Hacks 4 | . 3 1 . Prototype ID Bank 1 | . . 1 . Alert Level 1 | . 1 . . Locate Traps 1 | . 1 . . Maintenance Status 1 | . 1 . . Fabricator Hacks . | . . . . Repair Station Hacks . | . . . . Recycling Unit Hacks . | . . . . Scanalyzer 5 | . . 5 . Insert Component 2 | . . 2 . Analyze 3 | . . 3 . Garrison Access Hacks . | . . . . Unauthorized Hacks . | . . . . Terminals . | . . . . Fabricators . | . . . . Repair Stations . | . . . . Recycling Units . | . . . . Scanalyzers . | . . . . Garrison Access . | . . . . Data Cores Recovered . | . . . . Used . | . . . . Hacking Detections 2 | . 1 1 . Full Trace Events . | . . . . Feedback Events . | . . . . Feedback Blocked . | . . . . Robot Schematics Acquired . | . . . . Robots Built . | . . . . Authchips . | . . . . Time . | . . . . Total Robot Build Rating . | . . . . Part Schematics Acquired 2 | . . 2 . Parts Built . | . . . . Authchips . | . . . . Time . | . . . . Total Part Build Rating . | . . . . Parts Repaired . | . . . . Time . | . . . . Parts Recycled . | . . . . Recycled Matter . | . . . . Retrieved Matter . | . . . . Retrieved Components . | . . . . Parts Scanalyzed 2 | . . 2 . Part Schematics Acquired 2 | . . 2 . Parts Damaged 1 | . . 1 . Bothacking | -11 -10 -9 -8 ------------ Run | Yrd Mat Mat Mat Used RIF Installer . | . . . . Robots Hacked . | . . . . Non-combat . | . . . . Combat . | . . . . Robot Hacks Applied . | . . . . Relay Couplers Released . | . . . . Fabnet Peak Effective % . | . . . . Robots Rewired . | . . . . Allies Hacked . | . . . . Hacks Repelled . | . . . . Allies | -11 -10 -9 -8 -------- Run | Yrd Mat Mat Mat Total Allies . | . . . . Largest Group . | . . . . Highest-Rated Group . | . . . . Highest-Rated Ally . | . . . . Total Orders . | . . . . Ally Attacks . | . . . . Total Damage . | . . . . Kills . | . . . . Allies Corrupted . | . . . . Allies Melted . | . . . . Intel | -11 -10 -9 -8 ------- Run | Yrd Mat Mat Mat Robot Analysis Total . | . . . . Derelict Logs Recovered . | . . . . Drone Launches . | . . . . Drone Recoveries . | . . . . Exploration | -11 -10 -9 -8 ------------- Run | Yrd Mat Mat Mat Turns Passed 1441 | 72 590 331 448 Spaces Moved 1184 | 47 555 355 227 Core 13 | 13 . . . Treads 236 | 34 144 . 58 Legs . | . . . . Wheels . | . . . . Hover 935 | . 411 355 169 Flight . | . . . . Fastest Speed 50 | 50 56 56 52 Average Speed 78 | 129 82 58 89 Slowest Speed 176 | 160 160 120 176 Overloaded Moves . | . . . . Propulsion Burnouts . | . . . . Robots Hopped . | . . . . Cave-ins Triggered . | . . . . Exploration Rate (%) 43 | 4 88 45 37 Regions Visited 3 Branch Regions . Pre-discovered Areas . | . . . . Known Exits Taken 2 | . 1 1 . Unknown Exits Taken 1 | 1 . . . Scrap Searched . | . . . . Spaces Dug . | . . . . Terrain Destroyed 16 | . . . 16 Melee . | . . . . Projectile 4 | . . . 4 AOE 12 | . . . 12 Terrain Rammed . | . . . . Walls Destroyed . | . . . . Machines Disabled . | . . . . Actions | -11 -10 -9 -8 --------- Run | Yrd Mat Mat Mat Total 1444 | 58 617 414 355 Wait . | . . . . Move 1181 | 46 554 354 227 Hop . | . . . . Pick Up 43 | 6 14 8 15 Fast Attach 3 | . 1 . 2 Attach 21 | 6 1 5 9 Detach 1 | . . . 1 Swap 21 | . 3 7 11 Drop 24 | . 6 3 15 Fire 150 | . 38 37 75 Melee . | . . . . Ram . | . . . . Kick . | . . . . Crush . | . . . . Escape Stasis . | . . . . Rewire . | . . . . Trap . | . . . . Miscellaneous . | . . . . Route ------- -11/Scrapyard -10/Materials (discovered 4 exits: *Mat x3 / *Min) -9/Materials (discovered 3 exits: *Mat / *Min x2) -8/Materials History --------- Turn | Location | Event 18 | -11/Scrapyard | Discovered new exit (range 14) 73 | -11/Scrapyard | Entered Materials 289 | -10/Materials | Discovered new exit (range 15) 308 | -10/Materials | Build established: Mutant 417 | -10/Materials | Discovered new exit (range 16) 471 | -10/Materials | Discovered new exit (range 12) 487 | -10/Materials | Identified exit to Mines 513 | -10/Materials | Identified exit to Materials 603 | -10/Materials | Discovered exit to Materials (range 15) 663 | -10/Materials | Entered another Materials area 663 | -9/Materials | Evolved 2 slots: Utility x2 791 | -9/Materials | Lost 3 parts (1n1u1w) 810 | -9/Materials | Destroyed 8 combat bots 847 | -9/Materials | Discovered new exit (range 7) 851 | -9/Materials | Identified exit to Mines 980 | -9/Materials | Discovered new exit (range 10) 981 | -9/Materials | Discovered exit to Mines (range 13) 985 | -9/Materials | Identified exit to Materials 994 | -9/Materials | Entered another Materials area 994 | -8/Materials | Evolved 2 slots: Propulsion x1, Utility x1 1394 | -8/Materials | First assault squad dispatched 1442 | -8/Materials | Self-destructed Last Messages --------------- 01426_ U-05 Engineer lays Concrete. 01427_ K-01 Serf collects debris. 01427_ U-05 Engineer lays Concrete. 01427_ K-01 Serf collects debris. 01428_ Destroyed Welding Torch. 01428_ U-05 Engineer destroyed. 01428_ ALERT: Construction progress impeded, dispatching reinforcements to local area. 01430_ U-05 Engineer destroyed. 01430_ Destroyed Wheel. 01430_ K-01 Serf collects debris. 01432_ M-28 Smith destroyed. 01433_ K-01 Serf collects debris. 01435_ Destroyed Aluminum Leg. 01436_ Critical hit (Burn: +37). 01436_ K-01 Serf collects debris. 01439_ G-47 Trooper destroyed. 01440_ K-01 Serf collects debris. 01441_ Imp. Hover Unit destroyed. 01441_ K-01 Serf collects debris. Map ----- +----------------------------------------------------+ | ??????????????????????????# ""% """ # | | ########+#?################ """ %""" # | | # / [ ! | | #% = ## % % [] % | | [# = ### [! | | =+=% #?# | | #* #?# ^ | | ?# #?# ############+####+### | | """ ####/##########?# #???????????????????? | | ? G" #????????# #???????????????????? | | ?""" #????????# #???????????????????? | | """ """ #????????# #???????????????????? | | """ """ #???????##+#???????????????????? | | ##???# """ """ #####??? ??????????????????????? | | ?????# ## #?? ??????????????????????? | | ?????# # ## ??????????????????????? | | ?????# """ """ % %k # ??????????????????????? | | ?????# """ """ # ??????????????????????? | | ?????# """ """ ! # ??????????????????????? | | ?????# [ * ??????????????????????? | | ?????# g % = ??????????????????????? | | ?????# """ """ !% #########??????????????? | | ?????? """ """k !!% # #??????????????? | | ????????""" !""" ! #######????????? | | ?????# ! b g ?????? | | ?????# =@ T g ?????? | | ?????# """ """ = ?????? | | ?????# """ """ =! ######?????????? | | ?????????"" """ ######### #??????????????? | | ????????? ?????????###;####??????????????? | | ????????? ?????????????""????????????????? | | ???????? ??????????????""???????????????? | | ????????? ???????????????"???????????????? | | ????????? ???????????????????????????????? | | ????????? ???????????????????????????????? | | ????????? ########???????????????????????????????? | | ?????????????????????????????????????????????????? | | ?????????????????????????????????????????????????? | | ?????????????????????????????????????????????????? | | ?????????????????????????????????????????????????? | | ?????????????????????????????????????????????????? | | ?????????????????????????????????????????????????? | | ?????????????????????????????????????????????????? | | ?????????????????????????????????????????????????? | | ?????????????????????????????????????????????????? | | ?????????????????????????????????????????????????? | | ?????????????????????????????????????????????????? | | ?????????????????????????????????????????????????? | | ?????????????????????????????????????????????????? | | ?????????????????????????????????????????????????? | +----------------------------------------------------+ Best States ------------- Heat Dissipation 45 Energy Generation 14 Energy Capacity 265 Matter Stores 300 Matter Capacity 300 Sight Range 18 Robot Scan Range 14 Terrain Scan Density 10 Additional Mass Support 6 Armor Coverage 225 Resistance: KI 20 Resistance: TH 20 Resistance: EX 20 Resistance: EM 20 Resistance: I 20 Resistance: S 20 Resistance: P 20 Core Shielding 20 Utility Shielding 33 Evasion (%) 54 Recoil Reduction 3 Offensive Hacking 10 Item Schematics ----------------- Utility Shielding | -9/Materials | Scanalyzed Hover Unit | -9/Materials | Scanalyzed Robot Schematics ------------------ None Fabricated ------------ Nothing Alien Tech Used ----------------- None Achievements -------------- None Challenges ------------ None Game ------ Seed ThermicWeightRail Manual? 0 Play Time 00:29:45 Cumulative 26.0 hours Start 2024.11.02 @ 20:28:25 End 2024.11.03 @ 08:51:35 Sessions 3 Manual Loads 0 Difficulty Adventurer Special Mode None Game No. 20 Rogue 0 Adventurer 20 Explorer 0 Win Type - Total 0 Types 0/0/0/0/0/0/0/0/0 Lore% 4 Gallery% 24 Achievement% 17 Wizard Run 0 Options --------- Layout 1 ASCII 0 Keyboard 0 Movement Mouse Keybinds 0 Fullscreen 1 Font 36/Smallcaps Map View 50x40 Zoom Use 0% Tactical HUD 1 Map Filters NONE Filters NONE Steam 1 RUN: 7be4471d-86c3-4a76-b3b1-948bbc9f4216